 Dungeon Crawl Stone Soup version 0.30-a0-782-ge64f9170bb (webtiles) character file.

Game seed: 8091693562008969962

128 senseless the Cutter (level 5, -16/35 HPs)
             Began as an Octopode Gladiator on Mar 4, 2023.
             Demolished by an ogre
             ... wielding a +0 giant club
              (20 damage)
             ... on level 3 of the Dungeon.
             The game lasted 00:06:49 (1947 turns).

senseless the Cutter (Octopode Gladiator)           Turns: 1947, Time: 00:06:50

Health: -16/35     AC:  1    Str: 19    XL:     5   Next: 12%
Magic:  5/5        EV: 14    Int: 11    God:
Gold:   168        SH:  0    Dex: 15    Spells: 4/4 levels left

rFire   . . .      SeeInvis .    a - +0 rapier
rCold   . . .      Faith    .    (no shield)
rNeg    . . .      Spirit   .    b - +0 hat
rPois   +          Reflect  .    (no amulet)
rElec   .          Harm     .    h - ring of poison resistance
rCorr   .          Rampage  .    q - +6 ring of strength
Will    .....                    (no ring)
Stlth   +++                      (no ring)
HPRegen 0.25/turn                (no ring)
MPRegen 0.09/turn                (no ring)
                                 (no ring)
                                 (no ring)

@: no status effects
A: almost no armour, amphibious, 8 rings, camouflage 1, gelatinous body 1,
(nimble swimmer 1), tentacles
a: no special abilities


You were on level 3 of the Dungeon.
You visited 1 branch of the dungeon, and saw 4 of its levels.
You also visited: Sewer.

You collected 168 gold pieces.

Inventory:

Hand Weapons
 a - a +0 rapier (weapon)
 f - a +0 heavy spear
Missiles
 c - 4 throwing nets (quivered)
 d - a javelin
Armour
 b - a +0 hat (worn)
Jewellery
 h - a ring of poison resistance (left tentacle)
 q - a +6 ring of strength (right tentacle)
Scrolls
 e - 5 scrolls of identify
 i - 3 scrolls of enchant weapon {unknown}
 k - 2 scrolls of teleportation {unknown}
 l - a scroll of fear {unknown}
 p - a scroll of acquirement {unknown}
 s - a scroll of immolation {unknown}
Potions
 g - 3 potions of curing
 j - a potion of mutation {unknown}
 m - a potion of heal wounds {unknown}
 n - a potion of lignification {unknown}
 o - a potion of attraction {unknown}
 r - a potion of might {unknown}
 t - a potion of ambrosia {unknown}


   Skills:
 + Level 2.5 Fighting
 + Level 4.2 Short Blades
 + Level 2.3 Throwing
 + Level 3.7 Dodging
 + Level 2.4 Stealth


You had 4 spell levels left.
You didn't know any spells.
Your spell library contained the following spells:

 Spells                   Type           Power      Damage    Failure   Level
 Ignite Poison            Fire/Tmut/Pois 0%         N/A       71%         3
 Kindle Blastsparks       Fire/Tloc/Air  0%         2d10      71%         3
 Freezing Cloud           Conj/Ice/Air   0%         6-21      100%        5


Dungeon Overview and Level Annotations

Branches:
Dungeon (4/15)              Sewer (visited)
 Temple: D:4-7

Altars:
Uskayaw

Shops:
D:1 (   D:2 [


Innate Abilities, Weirdness & Mutations

You cannot wear most types of armour.
You are amphibious.
You can wear up to eight rings at the same time.
Your skin changes colour to match your surroundings (Stealth+).
Your rubbery body absorbs attacks. (AC +1, EV +1)
((You are camouflaged when in or above water. (Stealth+)))
You have tentacles for arms and can constrict up to eight enemies at once.


Message History

Found a ring mail.
The helpless goblin fails to defend itself.
You puncture the goblin!
You kill the goblin!
The bat hits you.
You miss the bat. You grab the bat. You squeeze the bat.
You kill the bat!
The helpless rat fails to defend itself.
You puncture the rat!
You kill the rat!
No target in view!
You see here a +1 spectral quarterstaff.
Found a black potion.
You see here a potion of curing.
Found an iron wand.
You hit the rat.
You kill the rat!
g - 3 potions of curing (gained 1)
Found a short sword.
Found a stone staircase leading down.
The helpless ogre fails to defend itself.
You puncture the ogre!
The ogre is heavily wounded.
The ogre hits you with a +0 giant club!!
Ouch! That really hurt!
* * * LOW HITPOINT WARNING * * *
You hear a shout! x3
You hit the ogre.
The ogre is severely wounded.
A gnoll comes into view. It is wielding a +0 spear.
You hit the ogre but do no damage. Your squeeze misses the ogre.
The ogre is severely wounded.
The ogre completely misses you.
A gnoll comes into view. It is wielding a +0 spear.
A gnoll comes into view. It is wielding a +0 whip.
You hit the ogre.
The ogre is severely wounded.
The ogre hits you with a +0 giant club!!
Ouch! That really hurt!
You die...

*...,,,* #.##......
#......# #.##......
#..g.g.# #.##......
#..<.g.###....)....
####..........'##'....
#..).g....##..#~~#....
#......#.....##~~##...
#...O..###.#.#~~~~#...
#....@.# #.#.#~~~~#...
#../...###.#.##~~##.##
#..........#..#~~#..#
#.....##.#...##''##.#
###......##..#~.~~#.##
**......!.....######...
*>.....................
####...................
#...................


You could see an ogre and 4 gnolls.

Vanquished Creatures
  A gnoll (D:1)
  5 adders
  A river rat (Sewer)
  2 worms
  A dart slug (D:2)
  7 bats
  An endoplasm (D:2)
  2 giant cockroaches (D:1)
  5 goblins
  7 hobgoblins
  2 kobolds (D:1)
  2 quokkas (D:1)
  5 ball pythons
  9 frilled lizards
  12 rats
62 creatures vanquished.

Notes
Turn   | Place    | Note
-------+----------+-------------------------------------------
     0 | D:1      | senseless the Octopode Gladiator began the quest for the
                  | Orb.
     0 | D:1      | Reached XP level 1. HP: 14/14 MP: 1/1
    32 | D:1      | Reached XP level 2. HP: 19/19 MP: 2/2
   213 | D:1      | Found Yczeost's Weapon Shoppe.
   273 | D:1      | Reached XP level 3. HP: 24/24 MP: 3/3
   843 | D:2      | Found Otrunase's Antique Armour Boutique.
   969 | D:2      | Reached XP level 4. HP: 24/30 MP: 4/4
  1083 | D:2      | You fall into a shaft and drop 2 floors!
  1110 | D:3      | Found a hide-covered altar of Uskayaw.
  1162 | D:3      | Reached skill level 1 in Stealth
  1170 | D:3      | Found a glowing drain.
  1174 | Sewer    | Entered a sewer
  1248 | Sewer    | Reached skill level 4 in Short Blades
  1509 | D:3      | Noticed an ogre
  1838 | D:3      | Reached XP level 5. HP: 35/35 MP: 5/5
  1947 | D:3      | Demolished by an ogre

Illustrated notes

Levels and vault maps discovered:
D:1:      spicycebolla_arrival_transporter_tutorial, layout_loops_ring,
          serial_shops, nicolae_shop_stone, nrook_mini_vaults,
          minmay_misc_feat_rows
D:2:      layout_loops_ring, serial_shops, nicolae_shop_advertising_works
          [nicolae_subvault_shop_adworks], minmay_pentomino_x4
D:3:      kennysheep_the_goblin_king, layout_basic, nicolae_gozag_seed_capital,
          nicolae_uskayaw_murder_on_the_dancefloor,
          hellmonk_ecumenical_altar_inner_sanctum, gup_sewer_entry_bowl
D:4:      layout_cave_pods, lemuel_doored_altar, serial_shops,
          nicolae_shop_behind_doors, kennysheep_minor_cross, uniq_pikel,
          uniq_edmund

Skill      XL: |  1  2  3  4 |
---------------+-------------+-----
Stealth        | 2 |  2.4
Short Blades   | 4 |  4.2
Fighting       | |  2.5
Throwing       | |  2.3
Dodging        | |  3.7

Action                     |  1- 3 |  4- 6 || total
---------------------------+-------+-------++-------
  Melee: Rapier            |    54 |    49 ||   103
         Constrict         |    15 |     8 ||    23
         Tentacles         |    13 |    10 ||    23
         Punch             |     1 |     1 ||     2
    Use: Scroll            |     1 |     2 ||     3
   Stab: Sleeping          |     6 |    20 ||    26
 Armour: Skin              |     4 |     1 ||     5
  Dodge: Dodged            |    32 |    20 ||    52

Table legend: (Time is in decaauts)
 A = Elapsed time spent in this place.
 B = Non-inter-level travel time spent in this place.
 C = Inter-level travel time spent in this place.
 D = Time resting spent in this place.
 E = Time spent auto-exploring this place.
 F = Levels seen in this place.
 G = Mean time per level.
                   A        B        C        D        E       F      G
               +--------+--------+--------+--------+--------+-----+--------+
         Total |   1948 |   1783 |    165 |     41 |   1220 |   5 |  389.6 |
       Dungeon |   1625 |   1460 |    165 |     41 |   1017 |   4 |  406.2 |
         Sewer |    322 |    322 |      0 |      0 |    203 |   1 |  322.0 |
               +--------+--------+--------+--------+--------+-----+--------+

Top non-repeatable levels by time:
     D:1: 826 daAuts
     D:2: 546 daAuts
   Sewer: 322 daAuts
     D:3: 243 daAuts
     D:4: 9 daAuts
